 Dungeon Crawl Stone Soup version 0.29.1-2-gbd0b4ee654 (webtiles) character file.

Game seed: 126419926785002476

187 qeuew the Poker (level 5, -8/41 HPs)
             Began as a Merfolk Gladiator on Nov 15, 2022.
             Mangled by a gnoll
             ... wielding a +2 flail of protection
             ... led by a gnoll bouda
              (13 damage)
             ... on level 4 of the Dungeon.
             The game lasted 00:04:16 (3267 turns).

qeuew the Poker (Merfolk Gladiator)                 Turns: 3267, Time: 00:04:17

Health: -8/41      AC:  5    Str: 20    XL:     5   Next: 66%
Magic:  5/5        EV: 14    Int:  7    God:
Gold:   144        SH:  0    Dex: 18    Spells: 4/4 levels left

rFire   . . .      SeeInvis .   a - +1 trident
rCold   . . .      Faith    .   (no shield)
rNeg    . . .      Spirit   .   b - +0 leather armour
rPois   .          Reflect  .   c - +1 helmet
rElec   .          Harm     .   (no cloak)
rCorr   +          Rampage  .   (no gloves)
Will    .....                   (no boots)
Stlth   +.........              (no amulet)
HPRegen 0.13/turn               f - ring of resist corrosion
MPRegen 0.09/turn               l - +6 ring of strength

@: no status effects
A: (nimble swimmer 2), mertail
a: no special abilities


You were on level 4 of the Dungeon.
You visited 1 branch of the dungeon, and saw 4 of its levels.

You collected 144 gold pieces.

Inventory:

Hand Weapons
 a - a +1 trident (weapon)
Missiles
 d - 3 throwing nets (quivered)
 e - a javelin
Armour
 b - a +0 leather armour (worn)
 c - a +1 helmet (worn)
Jewellery
 f - a ring of resist corrosion (left hand)
 l - a +6 ring of strength (right hand)
Scrolls
 h - a scroll of summoning {unknown}
 i - a scroll of identify
 k - a scroll of amnesia
Potions
 g - a potion of flight
 j - 2 potions of curing


   Skills:
 + Level 3.3 Fighting
 + Level 5.1 Polearms
 + Level 3.1 Throwing
 + Level 1.4 Armour
 + Level 5.0 Dodging


You had 4 spell levels left.
You didn't know any spells.
Your spell library contained the following spells:

 Spells                   Type           Power      Damage    Failure   Level
 Necrotise                Necr           0%         1d4       47%         1
 Ensorcelled Hibernation  Hex/Ice        0%         N/A       63%         2
 Spider Form              Tmut/Pois      0%         N/A       85%         3
 Vampiric Draining        Necr           0%         2d6       85%         3
 Anguish                  Hex/Necr       0%         N/A       99%         4
 Agony                    Necr           0%         N/A       100%        5


Dungeon Overview and Level Annotations

Branches:
Dungeon (4/15)
 Temple: D:4-7

Altars:
Xom


Innate Abilities, Weirdness & Mutations

((You are very nimble when in or above water. (Stealth+, EV+, Speed+++)))
Your lower body shifts to a powerful aquatic tail in water.


Message History

The stone hits you but does no damage. The gnoll hits you with a +0 flail.
A gnoll comes into view.
It is wielding a +2 flail of protection.
You hit the gnoll bouda.
The gnoll bouda is severely wounded.
The gnoll bouda barely misses you.
The gnoll hits you from afar with a +1 spear of freezing.
The gnoll freezes you.
The kobold throws a stone.
The stone completely misses you. The gnoll barely misses you.
You hit the gnoll bouda.
The gnoll bouda is severely wounded.
The gnoll bouda barks out a call to the hunt!
The gnolls pick up the pace!
The gnoll hits you from afar with a +1 spear of freezing.
The gnoll freezes you.
The kobold throws a stone.
The stone barely misses you.
A gnoll comes into view. It is wielding a +0 club.
The gnoll hits you with a +0 flail.
You hit the gnoll bouda but do no damage.
The gnoll bouda is severely wounded.
The gnoll bouda barks out a call to the hunt!
The gnoll picks up the pace!
The gnoll misses you.
The kobold throws a stone.
The stone closely misses you. The gnoll misses you.
Unknown command.
You puncture the gnoll bouda!
You kill the gnoll bouda!
The gnoll hits you from afar with a +1 spear of freezing.
The gnoll freezes you. The gnoll hits you with a +0 flail.
* * * LOW HITPOINT WARNING * * *
The gnoll hits you with a +2 flail of protection!
* * * LOW HITPOINT WARNING * * *
You feel better.
The gnoll hits you from afar with a +1 spear of freezing.
* * * LOW HITPOINT WARNING * * *
The gnoll freezes you.
* * * LOW HITPOINT WARNING * * *
The kobold closely misses you. The gnoll closely misses you.
The gnoll hits you with a +0 club.
* * * LOW HITPOINT WARNING * * *
The gnoll hits you with a +2 flail of protection!
You die...

# # # . ### ####### ..
#.. ....... .!. ##.#
####### ....##.g# #
......gg# #####
......g@# #....
......K.######### #.###
...#............# #.#..
................## #.#.#
########.........###.#.#
.....................
.............####..##
.......########.....##
........ ...........#


You could see 4 gnolls and a kobold.

Vanquished Creatures
  A gnoll bouda (D:4)
  Jessica (D:2)
  An iguana (D:4)
  A gnoll (D:4)
  An adder (D:4)
  3 worms
  A dart slug (D:4)
  6 orcs (D:4)
  5 endoplasms
  3 giant cockroaches
  11 goblins
  5 hobgoblins
  4 jackals (D:4)
  3 quokkas
  6 ball pythons
  7 bats
  2 frilled lizards
  7 kobolds
  5 rats
73 creatures vanquished.

Vanquished Creatures (others)
  A plant (D:1)
1 creature vanquished.

Grand Total: 74 creatures vanquished

Notes
Turn   | Place    | Note
-------+----------+-------------------------------------------
     0 | D:1      | qeuew the Merfolk Gladiator began the quest for the Orb.
     0 | D:1      | Reached XP level 1. HP: 16/16 MP: 1/1
   213 | D:1      | Reached XP level 2. HP: 19/23 MP: 2/2
   280 | D:1      | Found a faded altar of an unknown god.
   729 | D:1      | Reached XP level 3. HP: 28/28 MP: 3/3
  1406 | D:2      | Noticed Jessica
  1411 | D:2      | Killed Jessica
  1412 | D:2      | Reached skill level 1 in Armour
  1412 | D:2      | Reached XP level 4. HP: 34/34 MP: 4/4
  2577 | D:3      | Found a shimmering altar of Xom.
  3055 | D:4      | Identified the +1 ring mail "Yrghef" {Harm rF+ Int+3}
  3061 | D:4      | Reached XP level 5. HP: 25/41 MP: 5/5
  3194 | D:4      | Reached skill level 5 in Polearms
  3260 | D:4      | Reached skill level 5 in Dodging
  3267 | D:4      | Mangled by a gnoll

Illustrated notes

Levels and vault maps discovered:
D:1:      mainiacjoe_arrival_reflecting_pool, layout_loops_ring,
          shapermc_ecumenical_altar_mp_urbaneastern, corexii_hall_statues_x
D:2:      layout_loops_ring, nicolae_elevator_lobby_asterisk, uniq_jessica
D:3:      layout_loops_ring, lemuel_round_altar, chequers_serial_rivers_micro_c
D:4:      layout_basic, minmay_tree_intersection

Skill      XL: |  1  2  3  4  5 |
---------------+----------------+-----
Armour         | 1 |  1.4
Fighting       | 3 |  3.3
Polearms       | 5 |  5.1
Throwing       | 3 |  3.1
Dodging        | 5 |  5.0

Action                   |  1- 3 |  4- 6 || total
-------------------------+-------+-------++-------
Melee: Trident           |    98 |   131 ||   229
  Use: Potion            |     2 |     5 ||     7
       Scroll            |     1 |     6 ||     7
 Stab: Sleeping          |     4 |       ||     4
Armor: Leather armour    |    13 |    23 ||    36
Dodge: Dodged            |    47 |    80 ||   127
